 Dungeon Crawl Stone Soup version 0.30-a0-986-g7f2e898f52 (webtiles) character file.

Game seed: 10534749376824042883

46032 Shadow1503 the Zephyrmancer (level 14, -5/84 HPs)
             Began as a Yellow Draconian Air Elementalist on Apr 1, 2023.
             Was a High Priest of Sif Muna.
             Killed from afar by a starcursed mass (8 damage)
             ... with an accursed screaming
             ... on level 2 of the Abyss.
             The game lasted 02:56:48 (32303 turns).

Shadow1503 the Zephyrmancer (DrAE)                 Turns: 32303, Time: 02:56:48

Health: -5/84      AC: 15    Str: 12      XL:     14   Next: 3%
Magic:  19/19      EV: 14    Int: 11 (13) God:    Sif Muna [*****.]
Gold:   1524       SH:  0    Dex:  8 (10) Spells: 19/33 levels left

rFire   x x x      SeeInvis .    N - +3 double sword (freeze)
rCold   x x .      Faith    .    (no shield)
rNeg    . . .      Spirit   .    (body armour unavailable)
rPois   .          Reflect  .    j - +2 hat
rElec   +          Rampage  .    x - +2 cloak
rCorr   +          Rage     9%   w - +0 pair of gloves "Doegiurgh" {rElec Str+4}
Will    ++...                    l - +0 pair of boots
Stlth   ++                       p - amulet of regeneration
HPRegen 0.00/turn                n - ring of protection from cold
MPRegen 0.16/turn                t - ring of willpower

@: sluggish, inhibited regen, unable to read, unable to drink, very slow
A: spit acid, AC +8, unfitting armour, acidic bite, cold-blooded, acid
resistance, inhibited regeneration, [berserk 2], [clumsy 2], [deterioration 2],
[dopey 2], [frail 3], [low MP 3], [screaming 2], ([teleportitis 2]), [weak 2],
[no potion heal 2], [cold vulnerability 3], [heat vulnerability 3], [subdued
magic 3], [inability to drink after injury 2], [inability to read after injury
2]
a: Breathe Acid, Renounce Religion, Channel Magic, Forget Spell, Divine Exegesis


You were on level 2 of the Abyss.
You worshipped Sif Muna.
Sif Muna was extremely pleased with you.
You visited 4 branches of the dungeon, and saw 20 of its levels.
You visited the Abyss 1 time.
You also visited: Bailey.

You collected 1524 gold pieces.

Inventory:

Hand Weapons
 N - a +3 double sword of freezing (weapon)
Missiles
 c - 214 stones
Armour
 j - a +2 hat (worn)
 l - a +0 pair of boots (worn)
 w - the +0 pair of gloves "Doegiurgh" (worn) {rElec Str+4}
   (You found it on level 8 of the Dungeon)

   Str:       It affects your strength (+4).
   rElec:     It insulates you from electricity.
 x - a +2 cloak (worn)
 D - an orb of energy
Jewellery
 k - a ring of protection from fire
 n - a ring of protection from cold (left hand)
 p - an amulet of regeneration (around neck)
 r - a ring of protection from cold
 t - a ring of willpower (right hand)
 C - a +4 ring of protection
 I - a ring of protection from fire
Wands
 e - a wand of mindburst (10)
 o - a wand of charming (22)
 s - a wand of acid (33)
 H - a wand of polymorph (5)
Scrolls
 g - 7 scrolls of blinking
 m - a scroll of vulnerability {unknown}
 u - 2 scrolls of fog
 y - 2 scrolls of magic mapping
 A - a scroll of acquirement {unknown}
 B - 3 scrolls of fear
 E - 2 scrolls of teleportation
 G - 2 scrolls of amnesia
 J - a scroll of summoning
 K - a scroll of enchant armour
Potions
 a - 2 potions of magic
 b - a potion of cancellation
 d - 7 potions of curing
 f - 3 potions of resistance
 h - 5 potions of heal wounds
 i - 2 potions of might
 q - 5 potions of lignification
 v - 3 potions of brilliance
 z - a potion of flight
 F - a potion of haste
 L - a potion of ambrosia {unknown}
 M - a potion of invisibility {unknown}
 O - a potion of experience {unknown}
 P - a potion of berserk rage {unknown}


   Skills:
 - Level 10.0 Fighting
 + Level 9.9 Long Blades
 - Level 10.0 Dodging
 - Level 5.0 Stealth
 - Level 10.0 Spellcasting
 * Level 5.1 Conjurations
 * Level 6.3 Translocations
 - Level 12.0 Air Magic


You had 19 spell levels left.
You knew the following spells:

 Your Spells              Type           Power      Damage    Failure   Level
a - Shock                 Conj/Air       48%        1d6       1%          1
b - Static Discharge      Conj/Air       24%        2-3/arc   1%          2
c - Swiftness             Air            16%        N/A       1%          3
d - Airstrike             Air            8%         2d(2-18)  1%          4
e - Momentum Strike       Conj/Tloc      18%        3d8       1%          2
f - Blink                 Tloc           20%        N/A       1%          2

Your spell library contained the following spells:

 Spells                   Type           Power      Damage    Failure   Level
 Apportation              Tloc           20%        N/A       1%          1
 Lesser Beckoning         Tloc           20%        N/A       1%          2
 Poisonous Vapours        Pois/Air       18%        N/A       1%          2
 Freeze                   Ice            8%         1d3       7%          1
 Necrotise                Necr           8%         1d4       7%          1
 Sting                    Tmut/Pois      8%         1d3       7%          1
 Summon Small Mammal      Summ           8%         N/A       7%          1
 Hailstorm                Conj/Ice       5%         3d4       7%          3
 Ensorcelled Hibernation  Hex/Ice        4%         N/A       11%         2
 Passwall                 Tmut/Erth      1%         N/A       11%         2
 Scorch                   Fire           4%         2d5       11%         2
 Frozen Ramparts          Ice            4%         1d1       24%         3
 Spider Form              Tmut/Pois      2%         N/A       24%         3
 Iskenderun's Battlesphe  Conj           8%         2d6       26%         5
 Flame Wave               Conj/Fire      5%         2d5       28%         4
 Anguish                  Hex/Necr       1%         N/A       65%         4
 Olgreb's Toxic Radiance  Pois           2%         N/A       65%         4
 Petrify                  Tmut/Erth      2%         N/A       65%         4
 Irradiate                Conj/Tmut      2%         3d12      65%         5
 Alistair's Intoxication  Tmut/Pois      1%         N/A       95%         5
 Blade Hands              Tmut           1%         N/A       95%         5
 Metabolic Englaciation   Hex/Ice        1%         N/A       95%         5
 Yara's Violent Unravell  Hex/Tmut       1%         3d3       95%         5
 Iron Shot                Conj/Erth      2%         9d2       99%         6
 Statue Form              Tmut/Erth      1%         N/A       100%        6
 Summon Cactus Giant      Summ           1%         N/A       100%        6
 Enfeeble                 Hex            1%         N/A       100%        7
 Spellforged Servitor     Conj/Summ      2%         N/A       100%        7
 Lehudib's Crystal Spear  Conj/Erth      2%         10d2      100%        8
 Shatter                  Erth           1%         3d5*      100%        9


Dungeon Overview and Level Annotations

Branches:
Dungeon (12/15)            Temple (1/1) D:5            Lair (5/5) D:9
 Shoals (0/4) Lair:3        Snake (0/4) Lair:2        Slime (0/5) Lair:5
    Orc (2/2) D:12         Bailey (visited)
    Elf: Orc:2

Altars:
Ashenzari
Cheibriados
Dithmenos
Elyvilon
Fedhas
Gozag
Hepliaklqana
Kikubaaqudgha
Makhleb
Nemelex Xobeh
Okawaru
Qazlal
Ru
Sif Muna
Trog
Uskayaw
Vehumet
Wu Jian
Xom
Yredelemnul
Zin
The Shining One
Jiyva
Lugonu

Portals:
Abyss: D:3

Annotations:
D:7 2 transporters, exclusion: downstairs, x1te's ghost, novice MiFi


Innate Abilities, Weirdness & Mutations

You can spit globs of acid.
Your golden yellow scales are hard. (AC +8)
You cannot fit into any form of body armour.
You have acidic saliva.
You are cold-blooded and may be slowed by cold attacks.
You are resistant to acid. (rCorr)
You do not regenerate when monsters are visible.
[You have an uncontrollable temper.]
[You are very clumsy. (Dex -4)]
[Your body often deteriorates upon taking damage.]
[You are very dopey. (Int -4)]
[You are extremely frail. (-30% HP)]
[Your magical capacity is extremely low. (-30% MP)]
[You frequently scream uncontrollably at your foes.]
[((You are often teleported next to monsters.))]
[You are very weak. (Str -4)]
[Potions cannot restore your health.]
[You are extremely vulnerable to cold. (rC---)]
[You are extremely vulnerable to heat. (rF---)]
[Your spells are much easier to cast, but much less powerful.]
[You sometimes lose the ability to drink potions when taking damage.]
[You sometimes lose the ability to read scrolls when taking damage.]


Message History

The lance of force hits you!
Your body deteriorates!
You feel clumsy.
You are knocked back by the lance of force.
Found a corrupted altar of Lugonu.
The starcursed mass shrieks in your mind.
* * * LOW HITPOINT WARNING * * *
A wretched star comes into view.
The wretched star pulses with an eldritch light!
You feel vulnerable to cold. x2
Your system partially rejects the healing effects of potions.
Your system completely rejects the healing effects of potions.
A small abomination comes into view.
The wretched star pulses with an eldritch light!
You feel vulnerable to cold.
Tentacles burst from the starspawn's body! 2 starspawn tentacles come into view.
You start to feel a little slower.
A tentacle flies out from the starspawn's body!
A starspawn tentacle comes into view.
The small abomination closely misses you.
The starcursed mass shrieks in your mind.
* * * LOW HITPOINT WARNING * * *
You feel sluggish.
The starcursed mass shrieks in your mind.
* * * LOW HITPOINT WARNING * * *
The wretched star pulses with an eldritch light!
Your connection to magic feels subdued.
Your connection to magic feels more subdued.
Your connection to magic feels nearly dormant.
The starcursed mass shrieks in your mind.
* * * LOW HITPOINT WARNING * * *
The small abomination barely misses you.
You cannot drink potions in your current state!
The starcursed mass shrieks in your mind.
* * * LOW HITPOINT WARNING * * *
The wretched star pulses with an eldritch light!
Tentacles burst from the starspawn's body!
The small abomination hits you but does no damage.
The starcursed mass shrieks in your mind.
You die...

#X### .# ## ##
......# .##.....##
# #.#....#..#._
###.#X.......#
##w*...........
###.Xw#.###.......
##.x*..#..#
....#..
#.@####.#.# .#..#
##...#...## ..#
#..##.#... .#
..#.## .#.# ###..
...# .## #


You could see a starcursed mass, a tentacled starspawn, 2 wretched stars, a
small abomination and 2 starspawn tentacles.

Vanquished Creatures
  Gastronok (Lair:2)
  Nessos (Lair:5)
  2 hydras (Lair:5)
  A boulder beetle (Lair:5)
  2 death yaks (D:9)
  Urug (Lair:2)
  A skyshark (Lair:5)
  A lindwurm (Lair:5)
  A wizard (D:12)
  3 manticores
  3 ugly things
  7 black mambas
  A smoke demon (Lair:5)
  A torpor snail (D:9)
  7 cane toads
  3 merfolk sirens (Lair:3)
  Psyche (D:8)
  A gargoyle (D:12)
  2 ancient zymes (Lair:5)
  2 rime drakes
  6 komodo dragons
  3 kobold demonologists
  A merfolk (Lair:3)
  3 trolls
  A polar bear (Lair:5)
  22 blink frogs
  A black mamba zombie (Abyss:1)
  3 ynoxinuls
  A shadow (D:12)
  4 wyverns
  45 yaks
  6 basilisks
  A vampire (D:10)
  2 chaos spawn (Lair:5)
  A steam dragon (D:8)
  Menkaure (D:5)
  An acid dragon (D:10)
  2 wargs (Orc:1)
  19 water moccasins
  An ice beast (D:5)
  9 small abominations (Lair:5)
  14 orc warriors
  A black bear (D:5)
  10 ogres
  18 centaurs
  12 wolves
  8 kobold brigands
  2 phantoms
  8 bullfrogs
  4 scorpions
  A gnoll sergeant (D:7)
  17 wights
  36 killer bees
  8 howler monkeys
  A sleepcap (D:5)
  4 jellies
  5 orc priests
  Crazy Yiuf (D:5)
  A hound (D:6)
  A gnoll bouda (D:7)
  An iguana (D:5)
  7 orc wizards
  24 gnolls
  8 adders
  A shadow imp (D:5)
  3 worms
  2 dart slugs
  43 orcs
  5 endoplasms
  5 giant cockroaches
  13 goblins
  8 hobgoblins
  8 jackals (D:4)
  20 kobolds
  6 quokkas
  10 ball pythons
  7 bats
  5 frilled lizards
  4 rats
507 creatures vanquished.

Vanquished Creatures (others)
  2 wizards (D:12)
  An orc wizard (D:10)
  43 fungi
  47 plants
  4 starspawn tentacles (Abyss:2)
97 creatures vanquished.

Grand Total: 604 creatures vanquished

Notes
Turn   | Place    | Note
-------+----------+-------------------------------------------
     0 | D:1      | Shadow1503 the Draconian Air Elementalist began the quest
                  | for the Orb.
     0 | D:1      | Reached XP level 1. HP: 14/14 MP: 3/3
   395 | D:1      | Reached XP level 2. HP: 20/20 MP: 1/5
  1248 | D:2      | Learned a level 2 spell: Static Discharge
  1338 | D:2      | Reached XP level 3. HP: 26/26 MP: 3/6
  1662 | D:2      | Reached XP level 4. HP: 29/33 MP: 1/8
  2967 | D:3      | Found a one-way gate to the infinite horrors of the Abyss.
  3122 | D:3      | Found a large runed translucent door.
  3128 | D:3      | Reached XP level 5. HP: 32/38 MP: 3/9
  3177 | D:3      | Found a large runed translucent door.
  3182 | D:3      | Found a corrupted altar of Lugonu.
  3212 | D:3      | Identified the +6 dagger of Saltpetre {freeze, rN+}
  3752 | D:4      | Reached skill level 4 in Air Magic
  3860 | D:4      | Found a hazy altar of Hepliaklqana.
  4012 | D:4      | Reached XP level 6. HP: 37/46 MP: 1/11
  4324 | D:4      | Reached skill level 1 in Fighting
  4865 | D:5      | Entered Level 5 of the Dungeon
  5023 | D:5      | Noticed Menkaure
  5092 | D:5      | Your scales start taking on a golden yellow colour.
  5092 | D:5      | Reached XP level 7. HP: 40/52 MP: 7/13
  5092 | D:5      | Gained mutation: You are resistant to acid. (rCorr) [Yellow
                  | Draconian growth]
  5583 | D:5      | Reached skill level 5 in Air Magic
  5658 | D:5      | Learned a level 3 spell: Swiftness
  5676 | D:5      | Reached skill level 5 in Spellcasting
  5702 | D:5      | Identified the -1 helmet "Ecoth" {rC++}
  5915 | D:5      | Found a runed translucent door.
  5916 | D:5      | Noticed Crazy Yiuf
  6085 | D:5      | Found a staircase to the Ecumenical Temple.
  6094 | Temple   | Entered the Ecumenical Temple
  6276 | Temple   | Became a worshipper of Sif Muna the Loreminder
  6634 | D:5      | Reached XP level 8. HP: 37/62 MP: 11/15
  7175 | D:6      | Reached skill level 6 in Air Magic
  7426 | D:6      | Found an ornate altar of the Wu Jian Council.
  7876 | D:6      | Reached skill level 5 in Dodging
  7969 | D:6      | Learned a level 4 spell: Airstrike
  8061 | D:6      | Reached skill level 7 in Air Magic
  8277 | D:6      | Reached XP level 9. HP: 72/72 MP: 0/16
  8921 | D:7      | Reached * piety under Sif Muna
  9062 | D:7      | Found a transporter.
  9203 | D:7      | Noticed a moth of wrath
  9204 | D:7      | Found a bloodstained altar of Trog.
  9204 | D:7      | Noticed x1te's ghost (novice MiFi)
  9508 | D:7      | Found a transporter.
 10144 | D:8      | Noticed Psyche
 10424 | D:8      | Reached skill level 5 in Fighting
 10603 | D:7      | Reached skill level 8 in Air Magic
 10659 | D:8      | Found a flagged portal.
 10664 | D:8      | Reached ** piety under Sif Muna
 10667 | D:8      | Identified the +0 pair of gloves "Doegiurgh" {rElec Str+4}
 10679 | Bailey   | Entered a bailey
 10715 | Bailey   | Learned a level 2 spell: Momentum Strike
 10987 | Bailey   | Reached skill level 1 in Translocations
 11087 | Bailey   | Noticed an orc knight
 11642 | D:5      | Killed Menkaure
 11865 | D:5      | Killed Crazy Yiuf
 12110 | D:8      | Killed Psyche
 12111 | D:8      | Reached skill level 9 in Air Magic
 12230 | D:8      | Reached XP level 10. HP: 83/83 MP: 9/17
 13112 | D:9      | Found a staircase to the Lair.
 13339 | D:9      | Learned a level 2 spell: Blink
 13370 | D:10     | Entered Level 10 of the Dungeon
 13473 | D:10     | Identified the +4 rapier of the Weasel {spect, Dex+3}
 14133 | D:10     | Reached *** piety under Sif Muna
 14914 | D:11     | Noticed a purple ugly thing
 15241 | D:10     | Killed a purple ugly thing
 15345 | D:11     | Identified the +1 scale mail of Agoraphobia {Will+}
 15360 | D:11     | Noticed a manticore
 15371 | D:11     | Killed a manticore
 15997 | D:11     | Reached XP level 11. HP: 95/95 MP: 18/18
 16377 | D:11     | Reached skill level 5 in Translocations
 17112 | D:12     | Noticed a sun demon
 17353 | D:12     | Noticed a cyan ugly thing
 17420 | D:12     | Killed a cyan ugly thing
 17843 | D:12     | Noticed a wizard
 17845 | D:12     | Noticed a wizard
 17845 | D:12     | Noticed a wizard
 17848 | D:12     | Killed a wizard
 17859 | D:12     | Killed a wizard
 17865 | D:12     | Killed a wizard
 19280 | D:12     | Reached skill level 5 in Stealth
 19347 | D:12     | Found a staircase to the Orcish Mines.
 19852 | Orc:1    | Entered Level 1 of the Orcish Mines
 19904 | Orc:1    | Reached **** piety under Sif Muna
 20238 | Orc:1    | Reached skill level 10 in Air Magic
 20647 | Orc:2    | Entered Level 2 of the Orcish Mines
 20851 | Lair:1   | Entered Level 1 of the Lair of Beasts
 20990 | Lair:1   | Noticed a death yak
 20991 | Lair:1   | Noticed a death yak
 21029 | D:9      | Killed a death yak
 21030 | D:9      | Reached XP level 12. HP: 64/104 MP: 0/22
 21171 | D:9      | Killed a death yak
 21322 | Lair:1   | Reached skill level 10 in Dodging
 22152 | Lair:1   | Reached skill level 1 in Long Blades
 23068 | Lair:2   | Noticed Urug
 23216 | Lair:2   | Identified the +4 short sword "Uhulugh" {protect, *Noise
                  | rElec rC+ rN++}
 23226 | Lair:2   | Noticed Gastronok
 23259 | Lair:2   | Killed Gastronok
 23260 | Lair:2   | Reached skill level 11 in Air Magic
 23639 | Lair:2   | Reached ***** piety under Sif Muna
 23711 | Lair:2   | Found a staircase to the Snake Pit.
 24802 | Lair:2   | Killed Urug
 25262 | Lair:3   | Found a staircase to the Shoals.
 25429 | Lair:3   | Reached XP level 13. HP: 112/112 MP: 17/26
 25836 | Lair:3   | Reached skill level 12 in Air Magic
 25839 | Lair:3   | Received a gift from Sif Muna
 25951 | Lair:3   | You fall into a shaft and drop 2 floors!
 25951 | Lair:5   | Entered Level 5 of the Lair of Beasts
 26205 | Lair:3   | Reached skill level 5 in Long Blades
 27376 | Lair:5   | Reached skill level 10 in Fighting
 27376 | Lair:5   | Reached skill level 10 in Spellcasting
 27377 | Lair:5   | Noticed Nessos
 28103 | Lair:5   | Found a staircase to the Slime Pits.
 28106 | Lair:5   | Found a viscous altar of Jiyva.
 29942 | Lair:5   | Killed Nessos
 30838 | Lair:5   | Received a gift from Sif Muna
 30845 | Lair:5   | Got Sif Muna's Anthology of Terrestrial Sculpting {god
                  | gift}
 31464 | Lair:5   | Reached skill level 5 in Conjurations
 31754 | Lair:5   | Gained mutation: You have acidic saliva. [Yellow Draconian
                  | growth]
 31754 | Lair:5   | Reached XP level 14. HP: 121/121 MP: 24/28
 32095 | Abyss:1  | Cast into level 1 of the Abyss (spriggan)
 32098 | Abyss:1  | Found a corrupted altar of Lugonu.
 32109 | Abyss:1  | Found a corrupted altar of Lugonu.
 32115 | Abyss:1  | Noticed a tentacled starspawn
 32119 | Abyss:1  | Found a corrupted altar of Lugonu.
 32220 | Abyss:2  | Found a corrupted altar of Lugonu.
 32243 | Abyss:2  | Found a shimmering altar of Xom.
 32243 | Abyss:2  | Found a shimmering altar of Xom.
 32243 | Abyss:2  | Found a shimmering altar of Xom.
 32243 | Abyss:2  | Found a shimmering altar of Xom.
 32243 | Abyss:2  | Found a shimmering altar of Xom.
 32244 | Abyss:2  | Found a shimmering altar of Xom.
 32244 | Abyss:2  | Found a shimmering altar of Xom.
 32247 | Abyss:2  | Found a shimmering altar of Xom.
 32248 | Abyss:2  | Found a shimmering altar of Xom.
 32248 | Abyss:2  | Found a corrupted altar of Lugonu.
 32249 | Abyss:2  | Found a shimmering altar of Xom.
 32249 | Abyss:2  | Found a shimmering altar of Xom.
 32250 | Abyss:2  | Found a shimmering altar of Xom.
 32250 | Abyss:2  | Found a shimmering altar of Xom.
 32254 | Abyss:2  | Found a shimmering altar of Xom.
 32254 | Abyss:2  | Found a shimmering altar of Xom.
 32254 | Abyss:2  | Found a shimmering altar of Xom.
 32254 | Abyss:2  | Found a shimmering altar of Xom.
 32254 | Abyss:2  | Found a shimmering altar of Xom.
 32254 | Abyss:2  | Found a shimmering altar of Xom.
 32254 | Abyss:2  | Found a shimmering altar of Xom.
 32254 | Abyss:2  | Found a shimmering altar of Xom.
 32258 | Abyss:2  | Gained mutation: You do not regenerate when monsters are
                  | visible. [a neqoxec]
 32273 | Abyss:2  | Found a corrupted altar of Lugonu.
 32279 | Abyss:2  | Found a corrupted altar of Lugonu.
 32279 | Abyss:2  | Noticed a tentacled starspawn
 32279 | Abyss:2  | Found a corrupted altar of Lugonu.
 32302 | Abyss:2  | HP: 3/84 [starcursed mass/accursed screaming (8)]
 32303 | Abyss:2  | Killed from afar by a starcursed mass

Illustrated notes

Levels and vault maps discovered:
D:1:      dpeg_arrival_solitude, layout_loops_ring, chequers_jeans
D:2:      layout_loops_ring, st_stairs_11, minmay_crystal_water
D:3:      due_chaos_kobolds, layout_loops_ring, serial_forest,
          infiniplex_forest_lined_room_, infiniplex_forest_lined_4_way,
          infiniplex_forest_diagonal, infiniplex_forest_side_room,
          infiniplex_forest_end_2, infiniplex_forest_split,
          infiniplex_forest_straight_2, minmay_shallow_snake_nest
D:4:      cheibrodos_barr_body, layout_basic, nicolae_overflow_crystal_walls
D:5:      layout_gridville, minmay_temple_entry_poolview,
          serial_co_window_serial, co_window_corner_a,
          co_window_of_opportunity_a, co_window_paths_b,
          co_window_of_opportunity_a, co_window_corner_a, co_window_broadway_c,
          co_window_unsneaky_path_e, co_window_broadway_b, co_window_broadway_a,
          co_window_paths_c, co_window_of_opportunity_c, co_window_broadway_c,
          uniq_menkaure, uniq_crazy_yiuf_cottage
D:6:      layout_cave_pools, pdpol_wu_jian_five_deadly_venoms, sigmund_army
D:7:      layout_basic, gammafunk_ghost_wrathful_warriors
D:8:      layout_rooms, enter_bailey_5, minivault_23, uniq_psyche
D:9:      layout_loops_cross, lair_entry_dummy, chequers_serial_rivers_small_3
D:10:     layout_roguey, serial_bayou_pond_e
D:11:     layout_long_grid
D:12:     minmay_wizard_corner, layout_small_grid,
          kennysheep_orc_monster_closet_entryway, drop_trap
Temple:   nicolae_temple_bog_church
Lair:1:   wad_woods_minihive, layout_regular_city, minivault_27,
          grunt_forest_small_clearing_treed
Lair:2:   layout_hall_layers, minmay_snake_entry_six_corridors, uniq_gastronok,
          uniq_urug
Lair:3:   layout_chaotic_city, elwin_shoals_entry_stream, lemuel_fruit_fields,
          grunt_megastairs_5
Lair:4:   layout_gridlike, nicolae_lair_grove_arrangements
Lair:5:   hellmonk_lair_end_abyssal_woods, layout_regular_city, slime_entry_1,
          uniq_nessos
Orc:1:    layout_caves
Orc:2:    kennysheep_orc_mage_school, layout_caves
Abyss:2:  base: Lair:3, spicy_abyss_rude_harpoons, bh_abyss_xom_lugonu_altar,
          bh_abyss_xom_lugonu_altar

Skill      XL: |  1  2  3  4  5  6  7  8  9 10 11 12 13 |
---------------+----------------------------------------+-----
Dodging        | 2 3 5 7 9 10 | 10.0
Conjurations   | 2 3 5 |  5.1
Stealth        | 2 3 5 |  5.0
Spellcasting   | 3 4 5 7 9 10 | 10.0
Air Magic      | 4 5 7 9 10 11 12 | 12.0
Fighting       | 1 2 4 5 8 9 10 | 10.0
Translocations | 2 4 5 6 |  6.3
Long Blades    | 4 9 |  9.9

Action                     |  1- 3 |  4- 6 |  7- 9 | 10-12 | 13-15 || total
---------------------------+-------+-------+-------+-------+-------++-------
  Melee: Dagger            |     2 |    96 |    23 |       |       ||   121
         Tailslap          |       |     8 |     3 |    75 |    35 ||   121
         Punch             |       |       |     2 |     9 |     2 ||    13
         Long sword        |       |       |    24 |   474 |       ||   498
         Double sword      |       |       |       |    18 |   242 ||   260
         Bite              |       |       |       |       |     3 ||     3
   Cast: Shock             |    60 |    65 |    97 |    73 |     7 ||   302
         Static Discharge  |     1 |    26 |    26 |     5 |       ||    58
         Airstrike         |       |       |    48 |   154 |   145 ||   347
         Blink             |       |       |       |     1 |       ||     1
         Momentum Strike   |       |       |       |     2 |     1 ||     3
         Swiftness         |       |       |       |     1 |     5 ||     6
Ability: Breathe Acid      |       |       |    26 |    55 |    27 ||   108
    Use: Scroll            |       |    12 |     6 |     9 |     3 ||    30
         Potion            |       |     1 |       |     1 |     2 ||     4
   Stab: Sleeping          |       |     4 |       |     5 |     2 ||    11
         Petrifying        |       |       |       |       |     1 ||     1
         Petrified         |       |       |       |       |     1 ||     1
 Armour: Skin              |    15 |    59 |    50 |   347 |   179 ||   650
  Dodge: Dodged            |    35 |    91 |   133 |   770 |   394 ||  1423

Table legend: (Time is in decaauts)
 A = Elapsed time spent in this place.
 B = Non-inter-level travel time spent in this place.
 C = Inter-level travel time spent in this place.
 D = Time resting spent in this place.
 E = Time spent auto-exploring this place.
 F = Levels seen in this place.
 G = Mean time per level.
                   A        B        C        D        E       F      G
               +--------+--------+--------+--------+--------+-----+--------+
         Total |  32625 |  30693 |   1932 |  12898 |   8780 |  23 | 1418.5 |
       Dungeon |  19949 |  18405 |   1544 |   7605 |   6073 |  12 | 1662.4 |
        Temple |    207 |    198 |      9 |      0 |    162 |   1 |  207.0 |
          Lair |  11019 |  10686 |    333 |   4850 |   2451 |   5 | 2203.8 |
  Orcish Mines |    819 |    773 |     46 |    218 |     94 |   2 |  409.5 |
         Abyss |    204 |    204 |      0 |      2 |      0 |   2 |  102.0 |
        Bailey |    426 |    426 |      0 |    223 |      0 |   1 |  426.0 |
               +--------+--------+--------+--------+--------+-----+--------+

Top non-repeatable levels by time:
  Lair:5: 3334 daAuts
    D:12: 2761 daAuts
     D:5: 2607 daAuts
  Lair:4: 2501 daAuts
  Lair:1: 2458 daAuts
    D:11: 2167 daAuts
     D:6: 1680 daAuts
     D:7: 1671 daAuts
     D:9: 1611 daAuts
  Lair:2: 1589 daAuts
    D:10: 1552 daAuts
     D:4: 1382 daAuts
     D:3: 1375 daAuts
     D:2: 1257 daAuts
  Lair:3: 1136 daAuts
